 Dungeon Crawl Stone Soup version 0.23.2-11-gf996548c65 (webtiles) character file.

Game seed: 345306128029322572

497 NochnoyZador the Twirler (level 7, -25/40 HPs)
             Began as a Gargoyle Gladiator on June 4, 2019.
             Annihilated by an ogre
             ... wielding a +0 giant club
              (27 damage)
             ... on level 4 of the Dungeon.
             The game lasted 00:07:39 (3274 turns).

NochnoyZador the Twirler (Gargoyle Gladiator)       Turns: 3274, Time: 00:07:40

Health: -25/40     AC: 13    Str: 18    XL:     7   Next: 16%
Magic:  7/7        EV:  7    Int:  9    God:
Gold:   231        SH:  0    Dex: 12    Spells: 6/6 levels left

rFire    . . .     SeeInvis .   a - +3 quarterstaff
rCold    . . .     Gourm    +   (shield currently unavailable)
rNeg     + . .     Faith    .   x - +0 chain mail
rPois    ∞         Spirit   .   c - +0 helmet
rElec    +         Reflect  .   (no cloak)
rCorr    .         Harm     .   (no gloves)
MR       .....                  (no boots)
Stlth    ..........             r - amulet of the gourmand
HPRegen  0.13/turn              t - ring of stealth
MPRegen  0.10/turn              (no ring)

@: hasted, very quick
A: negative energy resistance 1, electricity resistance, unbreathing,
petrification resistance, rot immunity, AC +4
a: no special abilities


You were on level 4 of the Dungeon.
You were completely stuffed.

You visited 1 branch of the dungeon, and saw 4 of its levels.

You collected 231 gold pieces.

Inventory:

Hand Weapons
 a - a +3 quarterstaff (weapon)
Missiles
 d - 3 throwing nets (quivered)
 i - 35 stones
Armour
 b - a +0 leather armour
 c - a +0 helmet (worn)
 x - a +0 chain mail (worn)
Jewellery
 r - an amulet of the gourmand (around neck)
 t - a ring of stealth (left hand)
Scrolls
 j - 3 scrolls of identify
 m - a scroll of amnesia {unknown}
 n - 2 scrolls of teleportation {unknown}
 o - 2 scrolls of fear {unknown}
 p - a scroll of enchant armour {unknown}
 s - 2 scrolls of fog {unknown}
Potions
 e - 2 potions of haste
 g - a potion of degeneration {unknown}
 h - 2 potions of heal wounds
 k - a potion of magic {unknown}
 l - 2 potions of curing {unknown}
 q - a potion of cancellation {unknown}
 u - a potion of might {unknown}
Comestibles
 f - 8 rations
 v - 5 chunks of flesh


   Skills:
 - Level 2.1 Fighting
 + Level 7.9 Staves
 - Level 1.7 Throwing
 - Level 2.4 Dodging


You had 6 spell levels left.
You didn't know any spells.
Your spell library was empty.

Dungeon Overview and Level Annotations

Branches:
Dungeon (4/15)
 Temple: D:4-7

Altars:
Kikubaaqudgha

Annotations:
D:4 1 runed translucent door


Innate Abilities, Weirdness & Mutations

You are resistant to torment.
Your stone body is resilient. (AC +4)
You are immune to poison.
You resist negative energy. (rN+)
You are resistant to electric shocks. (rElec)
You can survive without breathing.
You are immune to petrification.
You are immune to rotting.


Message History

The ogre is heavily wounded.
The ogre hits you with a +0 giant club!
Your chain mail prevents you from hitting the ogre.
The ogre is heavily wounded.
You hit the ogre but do no damage.
The ogre is heavily wounded.
The ogre hits you with a +0 giant club!
You completely miss the ogre.
The ogre is moderately wounded.
You hit the ogre.
The ogre is heavily wounded.
The ogre hits you with a +0 giant club!
* * * LOW HITPOINT WARNING * * *
You hit the ogre.
The ogre is severely wounded.
You hit the ogre.
The ogre is almost dead.
The ogre hits you with a +0 giant club!!
Ouch! That really hurt!
You die...

#........## #...##.....
#........##.....##.......#..
###..##..##.....#........#.≈
.###..##..##.....#....##..#..
.......#..##.....##...####...
.......'..##.....#######....⌠
..######..##........ .....)..
####..##..##O....... ........
#.......##@....# .##.....
#.......##.....#######.....
#..........[....#..........
#...............#..........
##..##..####..###...##..##.
### #..# ### ...##..### #....
........... #.....
.......<... #.....
...........


You could see an ogre.

Vanquished Creatures
  A hound (D:4)
  2 orc priests (D:4)
  2 iguanas
  6 orc wizards
  A worker ant (D:2)
  6 adders
  2 oozes (D:2)
  An adder skeleton (D:4)
  3 worms (D:3)
  2 dart slugs
  2 leopard geckos
  16 orcs
  2 ball pythons
  A bat (D:1)
  2 giant cockroaches
  7 goblins
  7 hobgoblins
  4 kobolds
  4 quokkas (D:2)
  5 frilled lizards
  4 rats
80 creatures vanquished.

Notes
Turn   | Place    | Note
-------+----------+-------------------------------------------
     0 | D:1      | NochnoyZador the Gargoyle Gladiator began the quest for the
                  | Orb.
     0 | D:1      | Reached XP level 1. HP: 12/12 MP: 1/1
   337 | D:1      | Reached XP level 2. HP: 17/17 MP: 2/2
   551 | D:2      | Reached skill level 4 in Staves
   551 | D:2      | Reached XP level 3. HP: 14/21 MP: 3/3
   760 | D:2      | Reached XP level 4. HP: 26/26 MP: 4/4
  1116 | D:2      | Reached skill level 5 in Staves
  1727 | D:3      | Reached XP level 5. HP: 16/30 MP: 5/5
  2071 | D:3      | Reached skill level 6 in Staves
  2619 | D:3      | Reached XP level 6. HP: 35/35 MP: 6/6
  2668 | D:4      | Found an ancient bone altar of Kikubaaqudgha.
  2678 | D:4      | Reached skill level 7 in Staves
  2933 | D:4      | Reached XP level 7. HP: 18/40 MP: 7/7
  3239 | D:4      | Found a runed translucent gate.
  3272 | D:4      | HP: 2/40 [ogre/+0 giant club (14)]
  3274 | D:4      | Annihilated by an ogre

Skill      XL: |  1  2  3  4  5  6 |
---------------+-------------------+-----
Staves         | 4 5 6 7 |  7.9
Fighting       | |  2.1
Throwing       | |  1.7
Dodging        | |  2.4

Action                   |  1- 3 |  4- 6 |  7- 9 || total
-------------------------+-------+-------+-------++-------
Melee: Quarterstaff      |    59 |   190 |    23 ||   272
  Use: Scroll            |       |     5 |       ||     5
       Potion            |       |       |     1 ||     1
  Eat: Chunk             |       |    26 |     1 ||    27
Armor: Leather armour    |    27 |    61 |       ||    88
       Chain mail        |       |    26 |     3 ||    29
Dodge: Dodged            |    38 |    89 |     1 ||   128
